NCAA
GEORGIA BULLDOGS @ WASHINGTON STATE COUGARS
04/15/2027
 
TOP OF THE 1ST
Georgia Bulldogs batting - Pitching for Washington State Cougars : RHP Ken Ritchie
Pitching: RHP Ken Ritchie
Batting: LHB Sandro Márquez 0-0: Ball
1-0: Ball
2-0: Called Strike
2-1: Ball
3-1: Base on Balls
Batting: SHB Nate Harrington 0-0: Ball
1-0: Called Strike
1-1: Fly out, F5 (Popup, 5L)
Batting: LHB Merrill Erickson 0-0: Ball
1-0: Ball
2-0: Ball
3-0: Foul Ball, location: 2F
3-1: SINGLE (Line Drive, 4M)
Sandro Márquez to second
Batting: RHB Tom Stoltz 0-0: Ball
1-0: Called Strike
1-1: Ball
2-1: Swinging Strike
2-2: SINGLE (Groundball, 56D)
Sandro Márquez to third
Merrill Erickson to second
Throwing error, E7
Sandro Márquez scores
Merrill Erickson to third
Tom Stoltz to second
Batting: SHB Jean-François St-Amant 0-0: Ball
1-0: Called Strike
1-1: Ball
2-1: Ball
3-1: Foul Ball, location: 2F
3-2: Foul Ball, location: 2F
3-2: Base on Balls
Batting: RHB Gerald Miller 0-0: Ball
1-0: Ball
2-0: Called Strike
2-1: Ball
3-1: Fly out, F7 (Flyball, 7)
Runner from 3rd tags up, SCORES, throw made
Batting: RHB Jeff Allen 0-0: Foul Ball, location: 2F
0-1: Fly out, F9 (Flyball, 9)
Top of the 1st over - 2 run(s), 2 hit(s), 1 error(s), 2 left on base; Georgia 2 - Washington State 0
BOTTOM OF THE 1ST
Washington State Cougars batting - Pitching for Georgia Bulldogs : RHP Leo Watts
Pitching: RHP Leo Watts
Batting: RHB Montego Martínez 0-0: Foul Ball, location: 2F
0-1: Ball
1-1: SINGLE (Groundball, 5L) (infield hit)
Batting: RHB John Hall 0-0: Ball
1-0: Foul Ball, location: 2F
1-1: Swinging Strike
1-2: Strikes out swinging
Montego Martínez steals 2nd base
Batter strikes out.
Batting: LHB Conan Bush 0-0: Ball
Montego Martínez steals 3rd base
1-0: Ball
2-0: Ball
3-0: Base on Balls
Batting: RHB Jesús Domínguez 0-0: Called Strike
0-1: Ball
1-1: Called Strike
1-2: Reached via error on a dropped throw, E4
Montego Martínez scores
Conan Bush to second
Batting: LHB Andrew Lockhart 0-0: Ball
1-0: Ball
Conan Bush is caught stealing 3rd base
Jesús Domínguez to second
2-0: Called Strike
2-1: Called Strike
2-2: Foul Ball, location: 2F
2-2: Foul Ball, location: 2F
2-2: Ball
3-2: Base on Balls
Batting: SHB Hunter Bond 0-0: Ball
1-0: Ball
2-0: Ball
3-0: Base on Balls
Jesús Domínguez to third
Andrew Lockhart to second
Batting: RHB Juan Flores 0-0: Swinging Strike
0-1: Ball
1-1: Ball
2-1: Fielders Choice at 2nd, 5-4 (Groundball, 56)
Bottom of the 1st over - 1 run(s), 1 hit(s), 1 error(s), 2 left on base; Georgia 2 - Washington State 1
TOP OF THE 2ND
Georgia Bulldogs batting - Pitching for Washington State Cougars : RHP Ken Ritchie
Batting: RHB Juan Cruz 0-0: Ball
1-0: Foul Ball, location: 2F
1-1: SINGLE (Line Drive, 56)
Batting: RHB John Field 0-0: Ball
1-0: Ball
2-0: Ball
3-0: Base on Balls
Juan Cruz to second
Batting: LHB Sandro Márquez 0-0: Called Strike
0-1: Ball
1-1: Called Strike
1-2: Ball
2-2: Foul Ball, location: 2F
2-2: Ball
3-2: Base on Balls
Juan Cruz to third
John Field to second
Batting: SHB Nate Harrington 0-0: Fielders Choice at 2nd, 4-6 (Groundball, 4)
Juan Cruz scores
John Field to third
Batting: LHB Merrill Erickson 0-0: Called Strike
0-1: Fly out, F8 (Line Drive, 8LM)
Runner from 3rd tags up, SCORES, no throw
Batting: RHB Tom Stoltz 0-0: Ball
1-0: Ball
2-0: Ball
3-0: Called Strike
3-1: Base on Balls
Nate Harrington to second
Batting: SHB Jean-François St-Amant 0-0: SINGLE (Line Drive, 56D)
Nate Harrington to third
Tom Stoltz to second
Runner from 3rd tries for Home, SAFE, no throw
Batting: RHB Gerald Miller 0-0: Ball
Wild Pitch!
Tom Stoltz to third
Jean-François St-Amant to second
1-0: Swinging Strike
1-1: Foul Ball, location: 2F
1-2: Ball
2-2: Ball
3-2: Base on Balls
Batting: RHB Jeff Allen 0-0: Ball
1-0: Ball
2-0: Ball
3-0: Base on Balls
Tom Stoltz scores
Jean-François St-Amant to third
Gerald Miller to second
Batting: RHB Juan Cruz 0-0: Ball
1-0: Ball
2-0: Ball
3-0: Base on Balls
Jean-François St-Amant scores
Gerald Miller to third
Jeff Allen to second
Batting: RHB John Field 0-0: Ball
1-0: Ball
2-0: Ball
3-0: Called Strike
3-1: Base on Balls
Gerald Miller scores
Jeff Allen to third
Juan Cruz to second
Pitching: RHP Lawrence Thomas
Batting: LHB Sandro Márquez 0-0: Ball
1-0: Called Strike
1-1: Foul Ball, location: 2F
1-2: SINGLE (Groundball, 3D)
Jeff Allen scores
Juan Cruz to third
John Field to second
Throwing error, E9
Juan Cruz scores
John Field to third
Sandro Márquez to second
Batting: SHB Nate Harrington 0-0: Ball
1-0: Foul Ball, location: 2F
1-1: Called Strike
1-2: Strikes out swinging
Top of the 2nd over - 8 run(s), 3 hit(s), 1 error(s), 2 left on base; Georgia 10 - Washington State 1
BOTTOM OF THE 2ND
Washington State Cougars batting - Pitching for Georgia Bulldogs : RHP Leo Watts
Batting: RHB Marc Rogers 0-0: Called Strike
0-1: Swinging Strike
0-2: Foul Ball, location: 2F
0-2: Ball
1-2: Strikes out looking
Batting: RHB Brian Austin 0-0: Ball
1-0: Ball
2-0: Called Strike
2-1: Foul Ball, location: 2F
2-2: Ball
3-2: SINGLE (Line Drive, 34D)
Batting: RHB Montego Martínez 0-0: Called Strike
0-1: Ball
1-1: Grounds into double play, 6-4-3 (Groundball, 6)
Bottom of the 2nd over - 0 run(s), 1 hit(s), 0 error(s), 0 left on base; Georgia 10 - Washington State 1
TOP OF THE 3RD
Georgia Bulldogs batting - Pitching for Washington State Cougars : RHP Lawrence Thomas
Batting: LHB Merrill Erickson 0-0: Ball
1-0: Called Strike
1-1: Called Strike
1-2: SINGLE (Line Drive, 6M)
Batting: RHB Tom Stoltz 0-0: Ball
1-0: Ball
2-0: Called Strike
2-1: Grounds into double play, 4-6-3 (Groundball, 4)
Batting: SHB Jean-François St-Amant 0-0: Called Strike
0-1: Fly out, F8 (Flyball, 8LS)
Top of the 3rd over - 0 run(s), 1 hit(s), 0 error(s), 0 left on base; Georgia 10 - Washington State 1
BOTTOM OF THE 3RD
Washington State Cougars batting - Pitching for Georgia Bulldogs : RHP Leo Watts
Batting: RHB John Hall 0-0: Ball
1-0: Called Strike
1-1: Ball
2-1: Ball
3-1: Ground out 5-3 (Groundball, 56S)
Batting: LHB Conan Bush 0-0: Ball
1-0: Swinging Strike
1-1: Ball
2-1: Called Strike
2-2: Ground out 4-3 (Groundball, 4)
Batting: RHB Jesús Domínguez 0-0: Ball
1-0: Swinging Strike
1-1: Swinging Strike
1-2: Ball
2-2: Ball
3-2: Base on Balls
Batting: LHB Andrew Lockhart 0-0: Ball
1-0: Called Strike
1-1: Ball
2-1: Swinging Strike
2-2: Foul Ball, location: 2F
2-2: Foul Ball, location: 2F
2-2: Ball
3-2: Strikes out looking
Bottom of the 3rd over - 0 run(s), 0 hit(s), 0 error(s), 1 left on base; Georgia 10 - Washington State 1
TOP OF THE 4TH
Georgia Bulldogs batting - Pitching for Washington State Cougars : RHP Lawrence Thomas
Batting: RHB Gerald Miller 0-0: Called Strike
0-1: Ball
1-1: Ball
2-1: Foul Ball, location: 2F
2-2: Ball
3-2: Base on Balls
Batting: RHB Jeff Allen 0-0: Ball
1-0: Foul Ball, location: 2F
1-1: Fly out, F6 (Popup, 6MS)
Batting: RHB Juan Cruz 0-0: Ball
1-0: SINGLE (Line Drive, 78M)
Gerald Miller to second
Batting: RHB John Field 0-0: Foul Ball, location: 2F
0-1: Ball
1-1: Grounds into double play, 6-4-3 (Groundball, 6)
Top of the 4th over - 0 run(s), 1 hit(s), 0 error(s), 1 left on base; Georgia 10 - Washington State 1
BOTTOM OF THE 4TH
Washington State Cougars batting - Pitching for Georgia Bulldogs : RHP Leo Watts
Batting: SHB Hunter Bond 0-0: Ball
1-0: Called Strike
1-1: Ball
2-1: Foul Ball, location: 2F
2-2: Strikes out swinging
Batting: RHB Juan Flores 0-0: Called Strike
0-1: Ball
1-1: SINGLE (Groundball, 6D)
Batting: RHB Marc Rogers Pickoff Throw to First - Out!
0-0: Ball
1-0: Called Strike
1-1: Ball
2-1: Ground out 6-3 (Groundball, 6)
Bottom of the 4th over - 0 run(s), 1 hit(s), 0 error(s), 0 left on base; Georgia 10 - Washington State 1
TOP OF THE 5TH
Georgia Bulldogs batting - Pitching for Washington State Cougars : RHP Lawrence Thomas
Batting: LHB Sandro Márquez 0-0: Ball
1-0: Fly out, F9 (Line Drive, 9)
Batting: SHB Nate Harrington 0-0: Called Strike
0-1: Ball
1-1: Ball
2-1: Foul Ball, location: 2F
2-2: SINGLE (Line Drive, 6MD)
Batting: LHB Merrill Erickson 0-0: Ball
1-0: Fly out, F4 (Popup, 4S)
Batting: RHB Tom Stoltz 0-0: Ball
1-0: Foul Ball, location: 2F
1-1: Foul Ball, location: 2F
1-2: Foul Ball, location: 2F
1-2: Ball
2-2: Strikes out swinging
Top of the 5th over - 0 run(s), 1 hit(s), 0 error(s), 1 left on base; Georgia 10 - Washington State 1
BOTTOM OF THE 5TH
Washington State Cougars batting - Pitching for Georgia Bulldogs : RHP Leo Watts
Pitching: RHP Pierre Breton
Batting: RHB Brian Austin 0-0: SINGLE (Groundball, 4MD)
Batting: RHB Montego Martínez 0-0: Ball
1-0: Ball
2-0: Called Strike
2-1: Called Strike
2-2: Foul Ball, location: 2F
2-2: Ball
3-2: Strikes out looking
Batting: RHB John Hall 0-0: Called Strike
0-1: Grounds into double play, 1-6-3 (Groundball, 13)
Bottom of the 5th over - 0 run(s), 1 hit(s), 0 error(s), 0 left on base; Georgia 10 - Washington State 1
TOP OF THE 6TH
Georgia Bulldogs batting - Pitching for Washington State Cougars : RHP Lawrence Thomas
Pitching: RHP Sidney MacWhannell
Batting: SHB Jean-François St-Amant 0-0: Ball
1-0: Ball
2-0: Called Strike
2-1: Reached on error, E3 (Groundball, 34)
Batting: RHB Gerald Miller 0-0: DOUBLE (Line Drive, 78D)
Jean-François St-Amant to third
Batting: RHB Jeff Allen 0-0: Called Strike
0-1: Ground out 6-3 (Groundball, 6)
Jean-François St-Amant scores
Batting: RHB Juan Cruz 0-0: Called Strike
0-1: Swinging Strike
0-2: Ball
1-2: Foul Ball, location: 2F
1-2: Strikes out looking
Batting: RHB John Field 0-0: Swinging Strike
0-1: Ball
1-1: Foul Ball, location: 2F
1-2: Foul Ball, location: 2F
1-2: Strikes out swinging
Top of the 6th over - 1 run(s), 1 hit(s), 1 error(s), 1 left on base; Georgia 11 - Washington State 1
BOTTOM OF THE 6TH
Washington State Cougars batting - Pitching for Georgia Bulldogs : RHP Pierre Breton
Batting: LHB Conan Bush 0-0: Called Strike
0-1: Ball
1-1: Called Strike
1-2: Fly out, F9 (Line Drive, 9S)
Batting: RHB Jesús Domínguez 0-0: Hit by Pitch
Batting: LHB Andrew Lockhart 0-0: Called Strike
0-1: DOUBLE (Flyball, 8LD)
Jesús Domínguez to third
Batting: SHB Hunter Bond 0-0: Ball
1-0: Called Strike
1-1: SINGLE (Line Drive, 4MD)
Jesús Domínguez scores
Andrew Lockhart to third
Runner from 3rd tries for Home, SAFE, throw made home
Hunter Bond to second
Batting: RHB Juan Flores 0-0: Ball
1-0: Called Strike
1-1: 2-RUN HOME RUN (Flyball, 7D), Distance : 356 ft
Pitching: RHP Greg Connor
Batting: RHB Marc Rogers 0-0: Ball
1-0: Swinging Strike
1-1: Foul Ball, location: 2F
1-2: Fly out, F2 (Popup, 13S)
Batting: RHB Brian Austin 0-0: Ball
1-0: Ball
2-0: Swinging Strike
2-1: Ball
3-1: Foul Ball, location: 2F
3-2: Base on Balls
Batting: RHB Montego Martínez 0-0: Ball
1-0: Swinging Strike
1-1: Swinging Strike
1-2: Strikes out swinging
Bottom of the 6th over - 4 run(s), 3 hit(s), 0 error(s), 1 left on base; Georgia 11 - Washington State 5
TOP OF THE 7TH
Georgia Bulldogs batting - Pitching for Washington State Cougars : RHP Sidney MacWhannell
Batting: LHB Sandro Márquez 0-0: Called Strike
0-1: Ball
1-1: Foul Ball, location: 2F
1-2: Strikes out swinging
Batting: SHB Nate Harrington 0-0: Called Strike
0-1: Called Strike
0-2: Foul Ball, location: 2F
0-2: DOUBLE (Flyball, 7LM)
Batting: LHB Merrill Erickson 0-0: Swinging Strike
0-1: SINGLE (Line Drive, 7S)
Nate Harrington to third
Runner from 3rd tries for Home, SAFE, no throw
Batting: RHB Tom Stoltz 0-0: Ball
1-0: Swinging Strike
1-1: Ball
2-1: Swinging Strike
2-2: Ball
3-2: Base on Balls
Merrill Erickson to second
Batting: SHB Jean-François St-Amant 0-0: Called Strike
0-1: Foul Ball, location: 2F
0-2: Strikes out looking
Batting: RHB Gerald Miller 0-0: Called Strike
0-1: Ball
1-1: Ball
2-1: Ball
3-1: Ground out U3 (Groundball, 34S)
Top of the 7th over - 1 run(s), 2 hit(s), 0 error(s), 2 left on base; Georgia 12 - Washington State 5
BOTTOM OF THE 7TH
Washington State Cougars batting - Pitching for Georgia Bulldogs : RHP Greg Connor
Batting: RHB John Hall 0-0: Swinging Strike
0-1: Called Strike
0-2: Ball
1-2: Ball
2-2: Ball
3-2: Foul Ball, location: 2F
3-2: Foul Ball, location: 2F
3-2: SINGLE (Groundball, 6MD)
Batting: LHB Conan Bush 0-0: Ball
1-0: Ground out 4-3 (Groundball, 34D)
John Hall to second
Batting: RHB Jesús Domínguez 0-0: Ball
1-0: Fly out, F9 (Flyball, 89M)
Batting: LHB Andrew Lockhart 0-0: Ball
1-0: Swinging Strike
1-1: Foul Ball, location: 2F
1-2: Foul Ball, location: 2F
1-2: Foul Ball, location: 2F
1-2: Foul Ball, location: 2F
1-2: Ball
2-2: Fly out, F8 (Line Drive, 8LM)
Bottom of the 7th over - 0 run(s), 1 hit(s), 0 error(s), 1 left on base; Georgia 12 - Washington State 5
TOP OF THE 8TH
Georgia Bulldogs batting - Pitching for Washington State Cougars : RHP Sidney MacWhannell
Batting: RHB Jeff Allen 0-0: Called Strike
0-1: Ball
1-1: Fly out, F8 (Flyball, 8LS)
Batting: RHB Juan Cruz 0-0: Ball
1-0: Ball
2-0: Foul Ball, location: 2F
2-1: Ball
3-1: Base on Balls
Batting: RHB John Field 0-0: Fielders Choice at 2nd, 5-4 (Groundball, 56)
Batting: LHB Sandro Márquez 0-0: Ball
1-0: Called Strike
1-1: Swinging Strike
1-2: Strikes out swinging
Top of the 8th over - 0 run(s), 0 hit(s), 0 error(s), 1 left on base; Georgia 12 - Washington State 5
BOTTOM OF THE 8TH
Washington State Cougars batting - Pitching for Georgia Bulldogs : RHP Greg Connor
Now at 1B: Chris Whittier
Batting: SHB Hunter Bond 0-0: Called Strike
0-1: Foul Ball, location: 2F
0-2: Ground out 4-3 (Groundball, 4)
Batting: RHB Juan Flores 0-0: Called Strike
0-1: SINGLE (Line Drive, 78M)
Batting: RHB Marc Rogers 0-0: Ball
1-0: Fly out, F8 (Flyball, 8RD)
Batting: RHB Brian Austin 0-0: Called Strike
0-1: Called Strike
0-2: Foul Ball, location: 2F
0-2: Ball
1-2: Ball
2-2: Strikes out swinging
Bottom of the 8th over - 0 run(s), 1 hit(s), 0 error(s), 1 left on base; Georgia 12 - Washington State 5
TOP OF THE 9TH
Georgia Bulldogs batting - Pitching for Washington State Cougars : RHP Sidney MacWhannell
Pitching: RHP Allan Dotson
Batting: SHB Nate Harrington 0-0: Called Strike
0-1: Fly out, F6 (Popup, 56D)
Batting: LHB Merrill Erickson 0-0: Called Strike
0-1: Fly out, F7 (Flyball, 7)
Batting: RHB Tom Stoltz 0-0: Foul Ball, location: 2F
0-1: Swinging Strike
0-2: Ball
1-2: Foul Ball, location: 2F
1-2: Ball
2-2: Ball
3-2: Foul Ball, location: 2F
3-2: Strikes out swinging
Top of the 9th over - 0 run(s), 0 hit(s), 0 error(s), 0 left on base; Georgia 12 - Washington State 5
BOTTOM OF THE 9TH
Washington State Cougars batting - Pitching for Georgia Bulldogs : RHP Greg Connor
Batting: RHB Montego Martínez 0-0: Called Strike
0-1: Ball
1-1: Foul Ball, location: 2F
1-2: Fly out, F8 (Flyball, 8LM)
Pitching: LHP Dave Moser
Batting: RHB John Hall 0-0: Foul Ball, location: 2F
0-1: Foul Ball, location: 2F
0-2: Ball
1-2: Strikes out swinging
Batting: LHB Conan Bush 0-0: Called Strike
0-1: Ball
1-1: Swinging Strike
1-2: SOLO HOME RUN (Flyball, 89XD), Distance : 379 ft
Batting: RHB Jesús Domínguez 0-0: Ball
1-0: Ball
2-0: Called Strike
2-1: DOUBLE (Groundball, 5L)
Batting: LHB Andrew Lockhart 0-0: Ball
1-0: Called Strike
1-1: Ball
2-1: Ball
3-1: Called Strike
3-2: Foul Ball, location: 2F
3-2: Base on Balls
Batting: SHB Hunter Bond 0-0: Called Strike
0-1: Fielders Choice at 2nd, 5-4 (Groundball, 5)
Bottom of the 9th over - 1 run(s), 2 hit(s), 0 error(s), 1 left on base; Georgia 12 - Washington State 6
Thursday, March 30th, 2017 - OOTP Baseball 17.12 Build 75